 Dungeon Crawl Stone Soup version 0.23.2-30-g0e89c35649 (webtiles) character file.

Game seed: 13187544436074564944

15869 Kobolds4U the Severer (level 12, -6/110 HPs)
             Began as a Minotaur Fighter on June 20, 2019.
             Was the Champion of Makhleb.
             Mangled by a cyan ugly thing (13 damage)
             ... on level 11 of the Dungeon.
             The game lasted 00:31:10 (10667 turns).

Kobolds4U the Severer (Minotaur Fighter)           Turns: 10667, Time: 00:31:11

Health: -6/110     AC: 17    Str: 21    XL:     12   Next: 5%
Magic:  0/16       EV:  6    Int:  5    God:    Makhleb [******]
Gold:   285        SH:  0    Dex: 15    Spells: 11/11 levels left

rFire    . . .     SeeInvis .   N - +1 battleaxe (flame)
rCold    . . .     Gourm    .   (shield currently unavailable)
rNeg     . . .     Faith    .   C - +0 plate armour
rPois    .         Spirit   +   (helmet restricted)
rElec    .         Reflect  .   c - +0 cloak
rCorr    .         Harm     .   B - +0 pair of gloves
MR       .....                  (no boots)
Stlth    ..........             I - amulet of guardian spirit
HPRegen  0.28/turn              M - ring of wizardry
MPRegen  0.15/turn              (no ring)

@: lethally poisoned (-6 -> -6)
A: retaliatory headbutt, horns 2
a: Minor Destruction, Lesser Servant of Makhleb, Major Destruction, Greater
Servant of Makhleb, Renounce Religion


You were on level 11 of the Dungeon.
You worshipped Makhleb.
Makhleb was exalted by your worship.
You were not hungry.

You visited 1 branch of the dungeon, and saw 11 of its levels.
You also visited: Ossuary.

You collected 614 gold pieces.
You spent 329 gold pieces at shops.

Inventory:

Hand Weapons
 a - a +0 war axe
 h - a +0 shortbow
 p - a +0 whip of freezing
 N - a +1 battleaxe of flaming (weapon)
Missiles
 o - 235 arrows
Armour
 c - a +0 cloak (worn)
 j - a +0 chain mail
 B - a +0 pair of gloves (worn)
 C - a +0 plate armour (worn)
Jewellery
 I - an amulet of guardian spirit (around neck)
 L - an uncursed amulet of the acrobat
 M - a ring of wizardry (left hand)
Wands
 s - a wand of iceblast (18)
 x - a wand of enslavement (7)
 y - a wand of polymorph (1)
 K - a wand of digging (5)
Scrolls
 b - 6 scrolls of remove curse
 g - a scroll of enchant armour {unknown}
 k - 2 scrolls of enchant weapon {unknown}
 m - 13 scrolls of teleportation
 q - 2 scrolls of fog {unknown}
 r - a scroll of fear {unknown}
 t - 3 scrolls of amnesia
 D - 7 scrolls of random uselessness {unknown}
 E - 3 scrolls of immolation {unknown}
 G - 5 scrolls of identify
 H - a scroll of blinking {unknown}
Potions
 d - a potion of might
 e - 4 potions of haste
 i - 3 potions of brilliance
 l - 5 potions of flight
 n - 5 potions of heal wounds {unknown}
 u - 7 potions of lignification {unknown}
 v - 2 potions of mutation {unknown}
 w - 3 potions of magic
 z - a potion of invisibility {unknown}
 A - 7 potions of curing {unknown}
 F - a potion of agility {unknown}
 J - a potion of ambrosia {unknown}
 O - a potion of resistance {unknown}
Comestibles
 f - 23 rations
 P - 9 chunks of flesh


   Skills:
 - Level 11.0 Fighting
 + Level 16.0 Axes
 + Level 9.6 Armour
   Level 3.6 Shields
 * Level 7.7 Invocations


You had 11 spell levels left.
You didn't know any spells.
Your spell library contained the following spells:

 Spells                   Type           Power        Failure   Level  Hunger
 Apportation              Tloc           #.....       96%         1    ##.....
 Summon Butterflies       Summ           #.......     96%         1    ##.....
 Lesser Beckoning         Tloc           #.........   100%        3    ####...
 Tukima's Dance           Hex            #.......     100%        3    ####...
 Alistair's Intoxication  Tmut/Pois      #.......     100%        5    ######.
 Invisibility             Hex            #.......     100%        6    #######


Dungeon Overview and Level Annotations

Branches:
Dungeon (11/15)            Temple (0/1) D:4            Lair (0/6) D:9
    Orc (0/2) D:9

Altars:
Dithmenos
Fedhas
Gozag
Hepliaklqana
Kikubaaqudgha
Makhleb
Nemelex Xobeh
Okawaru
Qazlal
Ru
Sif Muna
Trog
Uskayaw
Vehumet
Wu Jian
Yredelemnul
Zin
The Shining One

Shops:
D:6 ([[(*   D:7 *   D:8 *

Annotations:
D:3 2 transporters, H0rd4k's ghost, amateur HuAr
D:4 2 runed translucent doors, Brecoman's ghost, novice DrTm
D:5 1 runed translucent door, Wauder's ghost, novice DsSk
D:10 2 runed translucent doors


Innate Abilities, Weirdness & Mutations

You reflexively headbutt those who attack you in melee.
You have a pair of horns on your head.


Message History

* * * LOW HITPOINT WARNING * * *
The troll bites you but does no damage. The troll claws you.
* * * LOW HITPOINT WARNING * * *
The troll closely misses you.
You feel sick. The cyan ugly thing barely misses you. You furiously retaliate!
You headbutt the cyan ugly thing.
There is an open door here.
You feel sick.
The cyan ugly thing trunk-slaps you but does no damage.
You feel sick. The cyan ugly thing barely misses you. You furiously retaliate!
You headbutt the cyan ugly thing.
You feel sick.
There is an open door here.
You open the door.
You feel sick. The cyan ugly thing barely misses you.
There is an open door here.
You feel sick.
You feel sick. The cyan ugly thing trunk-slaps you!
* * * LOW HITPOINT WARNING * * *
The cyan ugly thing shocks you!
You die...

.......T#.............#
......).#............#
........#............#
........#...#'###....#
........#...#...#....#
........#...#.T.'....#
........#...#...#....##
........#...#####.....#
##...@u.T......#
#....########### #....#
#....# #...<# ######


You could see a cyan ugly thing and a troll.

Vanquished Creatures
  Erolcha (D:9)
  A two-headed ogre (D:10)
  Pikel (D:7)
  A deep elf mage (D:10)
  An ugly thing (D:7)
  A gargoyle (D:11)
  2 centaur skeletons (D:10)
  A kobold demonologist (D:9)
  2 trolls (D:10)
  A polar bear (D:9)
  3 hippogriffs
  2 wraiths (D:10)
  3 yaks (D:10)
  A vampire (D:9)
  A human (D:9)
  A wyvern (D:10)
  2 hungry ghosts
  4 hogs (D:9)
  Menkaure (D:4)
  An acid dragon (D:11)
  Duvessa (D:7)
  A black bear (D:10)
  4 ice beasts
  3 necrophages (D:10)
  4 orc warriors
  4 phantoms
  4 sky beasts
  7 ogres
  An eye of draining (D:9)
  2 wolves (D:9)
  5 centaurs
  7 bullfrogs
  20 big kobolds
  9 scorpions
  Dowan (D:7)
  10 killer bees
  A wight (D:10)
  2 electric eels (D:9)
  2 howler monkeys
  A bullfrog zombie (D:8)
  7 crimson imps
  3 centaur zombies
  2 jellies
  8 hounds
  4 orc priests
  Ijyb (D:4)
  2 bullfrog skeletons
  Crazy Yiuf (D:7)
  A human zombie (Ossuary)
  4 iguanas
  14 orc wizards
  5 worker ants
  2 big kobold zombies (Ossuary)
  A centaur simulacrum (D:9)
  5 mummies
  Robin (D:4)
  8 gnolls
  19 adders
  2 hound simulacra (D:9)
  A howler monkey skeleton (D:9)
  A river rat (D:5)
  3 shadow imps
  3 white imps (D:9)
  2 ufetubi (D:9)
  An ooze (D:2)
  2 adder skeletons
  2 worms (D:5)
  2 dart slugs
  3 leopard geckos
  44 orcs
  6 ball pythons
  7 giant cockroaches
  16 goblins
  11 hobgoblins
  16 jackals
  24 kobolds
  4 quokkas
  7 bats
  3 frilled lizards
  A goblin zombie (D:6)
  3 hobgoblin zombies (Ossuary)
  A jackal zombie (D:6)
  2 kobold zombies
  An orc zombie (Ossuary)
  16 rats
392 creatures vanquished.

Vanquished Creatures (others)
  A hippogriff (D:7)
  2 slaves (D:7)
  An adder (D:7)
  An orc (D:9)
  3 fungi (D:7)
  A plant (D:4)
9 creatures vanquished.

Grand Total: 401 creatures vanquished

Notes
Turn   | Place    | Note
-------+----------+-------------------------------------------
     0 | D:1      | Kobolds4U the Minotaur Fighter began the quest for the Orb.
     0 | D:1      | Reached XP level 1. HP: 19/19 MP: 0/0
   156 | D:1      | Reached skill level 3 in Axes
   196 | D:1      | Reached XP level 2. HP: 22/26 MP: 1/1
   692 | D:1      | Reached skill level 4 in Axes
   752 | D:1      | You fall through a shaft!
   820 | D:2      | Found a glowing silver altar of Zin.
   857 | D:2      | Reached XP level 3. HP: 29/31 MP: 2/2
  1039 | D:2      | Found a burning altar of Makhleb.
  1040 | D:2      | Found a radiant altar of Vehumet.
  1046 | D:2      | Became a worshipper of Makhleb the Destroyer
  1094 | D:2      | Reached skill level 5 in Axes
  1111 | D:2      | Found a sparkling altar of Nemelex Xobeh.
  1471 | D:3      | Found a faded altar of an unknown god.
  1546 | D:3      | Reached XP level 4. HP: 39/39 MP: 3/3
  1590 | D:3      | Found a blossoming altar of Fedhas.
  1592 | D:3      | Found an ancient bone altar of Kikubaaqudgha.
  1608 | D:3      | Reached skill level 6 in Axes
  2048 | D:3      | Noticed H0rd4k's ghost (amateur HuAr)
  2048 | D:3      | Noticed an ogre
  2049 | D:3      | Found a transporter.
  2049 | D:3      | Found a transporter.
  2050 | D:3      | Reached XP level 5. HP: 45/45 MP: 4/4
  2050 | D:3      | Identified the +9 great mace of Courage {flame, *Slow rElec
                  | rF+ Dex+2}
  2050 | D:3      | Noticed an ogre
  2917 | D:4      | Reached * piety under Makhleb
  3057 | D:4      | Reached skill level 7 in Axes
  3066 | D:4      | Noticed Menkaure
  3348 | D:4      | Noticed Robin
  3368 | D:4      | Killed Robin
  3395 | D:4      | Found a runed translucent door.
  3450 | D:4      | Killed Menkaure
  3450 | D:4      | Reached skill level 8 in Axes
  3450 | D:4      | Reached XP level 6. HP: 51/51 MP: 5/5
  3537 | D:4      | Found a stormy altar of Qazlal.
  3540 | D:4      | Found a basalt altar of Yredelemnul.
  3552 | D:4      | Found a hide-covered altar of Uskayaw.
  3555 | D:4      | Found an ornate altar of the Wu Jian Council.
  3581 | D:4      | Noticed Ijyb
  3593 | D:4      | Killed Ijyb
  3614 | D:4      | Found a staircase to the Ecumenical Temple.
  3617 | D:4      | Reached skill level 9 in Axes
  3790 | D:4      | Reached ** piety under Makhleb
  3844 | D:4      | Noticed Brecoman's ghost (novice DrTm)
  3854 | D:4      | Reached XP level 7. HP: 57/57 MP: 6/6
  4047 | D:4      | Found a runed translucent door.
  4176 | D:5      | Entered Level 5 of the Dungeon
  4186 | D:5      | Found a runed translucent door.
  4189 | D:5      | Noticed Wauder's ghost (novice DsSk)
  4284 | D:5      | Reached skill level 10 in Axes
  4320 | D:5      | Found an iron altar of Okawaru.
  4582 | D:5      | Reached skill level 11 in Axes
  4639 | D:5      | Found a deep blue altar of Sif Muna.
  4740 | D:5      | Reached XP level 8. HP: 38/64 MP: 7/7
  4977 | D:5      | Reached *** piety under Makhleb
  5215 | D:6      | Found Azacowoeha's Armour Shop.
  5215 | D:6      | Found Uqudd's Antique Weapon Shoppe.
  5216 | D:6      | Found Cajegoe's Weapon Emporium.
  5223 | D:6      | Bought a +0 pair of gloves for 49 gold pieces
  5241 | D:6      | Found a glowing golden altar of the Shining One.
  5249 | D:6      | Reached skill level 12 in Axes
  5450 | D:6      | Reached skill level 5 in Fighting
  5560 | D:6      | Found a sand-covered staircase.
  5570 | Ossuary  | Entered an ossuary
  5841 | Ossuary  | Reached XP level 9. HP: 75/75 MP: 8/8
  5854 | Ossuary  | Reached **** piety under Makhleb
  5983 | D:6      | Reached skill level 13 in Axes
  6127 | D:6      | Found a hazy altar of Hepliaklqana.
  6228 | D:6      | Found Xaowka's Antique Armour Boutique.
  6403 | D:6      | Found Keanoewn's General Store.
  6698 | D:7      | Noticed Pikel
  6716 | D:7      | Killed Pikel
  6716 | D:7      | Reached skill level 14 in Axes
  6886 | D:7      | Found Goggefug's General Store.
  6941 | D:6      | Bought a +1 battleaxe of flaming for 280 gold pieces
  6972 | D:7      | Noticed Dowan
  6974 | D:7      | Noticed Duvessa
  6975 | D:7      | Killed Dowan
  6986 | D:7      | Killed Duvessa
  7144 | D:7      | Reached XP level 10. HP: 67/91 MP: 9/9
  7246 | D:7      | Found a runed translucent door.
  7247 | D:7      | Noticed Crazy Yiuf
  7292 | D:7      | Noticed a brown ugly thing
  7299 | D:7      | Killed a brown ugly thing
  7603 | D:7      | Killed Crazy Yiuf
  7766 | D:8      | Reached skill level 5 in Armour
  7832 | D:8      | Found a shadowy altar of Dithmenos.
  7972 | D:8      | Found Gozag's Platinum Reserve.
  7981 | D:8      | Found an opulent altar of Gozag.
  8012 | D:8      | Found an ancient bone altar of Kikubaaqudgha.
  8228 | D:9      | Reached skill level 10 in Fighting
  8511 | D:9      | Found a sparkling altar of Nemelex Xobeh.
  8541 | D:9      | Reached ***** piety under Makhleb
  8669 | D:9      | Found a staircase to the Orcish Mines.
  8712 | D:9      | Found a staircase to the Lair.
  8931 | D:9      | Reached skill level 15 in Axes
  8940 | D:9      | Reached skill level 1 in Invocations
  9108 | D:9      | Reached XP level 11. HP: 101/101 MP: 10/12
  9122 | D:9      | Found a bloodstained altar of Trog.
  9162 | D:9      | Found a sacrificial altar of Ru.
  9413 | D:9      | Noticed Erolcha
  9435 | D:9      | Killed Erolcha
  9596 | D:10     | Entered Level 10 of the Dungeon
  9805 | D:10     | Reached skill level 5 in Invocations
  9944 | D:10     | Noticed a fire dragon
  9945 | D:10     | Noticed an ice dragon
  9947 | D:10     | Noticed a fire dragon
  9947 | D:10     | Noticed an ice dragon
  9948 | D:10     | Found a runed translucent door.
  9949 | D:10     | Found the +2 shield of Resistance {rF+ rC+ MR+}
  9949 | D:10     | Found a runed translucent door.
 10196 | D:10     | Noticed a deep elf mage
 10197 | D:10     | Noticed a two-headed ogre
 10322 | D:10     | Reached ****** piety under Makhleb
 10358 | D:10     | Killed a two-headed ogre
 10450 | D:10     | Killed a deep elf mage
 10622 | D:11     | Reached skill level 16 in Axes
 10622 | D:11     | Reached XP level 12. HP: 110/110 MP: 16/16
 10667 | D:11     | Mangled by a cyan ugly thing

Skill      XL: |  1  2  3  4  5  6  7  8  9 10 11 |
---------------+----------------------------------+-----
Axes           | 3 4 5 6 8 9 11 12 14 15 16 | 16.0
Fighting       | 5 9 10 11 | 11.0
Armour         | 7 9 |  9.6
Invocations    | 2 7 |  7.7
Shields        | |  3.6

Action                   |  1- 3 |  4- 6 |  7- 9 | 10-12 || total
-------------------------+-------+-------+-------+-------++-------
Melee: War axe           |    69 |    74 |   345 |       ||   488
       Headbutt          |     8 |    25 |    66 |    74 ||   173
       Whip              |    27 |    90 |       |       ||   117
       Battleaxe         |       |       |    19 |   364 ||   383
       Unarmed           |       |       |       |     4 ||     4
Invok: Minor Destruction |       |       |     1 |     6 ||     7
  Use: Scroll            |       |       |     9 |     1 ||    10
 Stab: Distracted        |       |       |       |     1 ||     1
       Paralysed         |       |       |       |     1 ||     1
  Eat: Chunk             |     2 |     7 |    14 |    13 ||    36
Armor: Chain mail        |    46 |    66 |    72 |       ||   184
       Scale mail        |     5 |       |       |       ||     5
       Plate armour      |       |       |   112 |   290 ||   402
Dodge: Dodged            |    21 |    43 |    73 |   171 ||   308
Block: Shield            |    46 |    84 |    28 |       ||   158
       Buckler           |       |       |    45 |       ||    45
